 Dungeon Crawl Stone Soup version 0.26-a0-812-g31a745ddcd (webtiles) character file.

Game seed: 10548725669740038336

4 nicanaca0 the Caller (level 1, 0/15 HPs)
             Began as a Hill Orc Summoner on Nov 22, 2020.
             Slain by a jackal (2 damage)
             ... on level 1 of the Dungeon.
             The game lasted 00:01:02 (165 turns).

nicanaca0 the Caller (Hill Orc Summoner)             Turns: 165, Time: 00:01:02

Health: 0/15       AC:  2    Str: 10    XL:     1   Next: 70%
Magic:  1/3        EV: 12    Int: 15    God:
Gold:   8          SH:  0    Dex: 11    Spells: 2/3 levels left

rFire    . . .     SeeInvis .   (no weapon)
rCold    . . .     Faith    .   (no shield)
rNeg     . . .     Spirit   .   a - +0 robe
rPois    .         Reflect  .   (no helmet)
rElec    .         Harm     .   (no cloak)
rCorr    .         Rampage  .   (no gloves)
MR       .....                  (no boots)
Stlth    ++........             (no amulet)
HPRegen  0.05/turn              (no ring)
MPRegen  0.08/turn              (no ring)

@: no status effects
A: no striking features
a: no special abilities


You were on level 1 of the Dungeon.
You visited 1 branch of the dungeon, and saw 1 of its levels.

You collected 8 gold pieces.

Inventory:

Armour
 a - a +0 robe (worn)
Scrolls
 b - 2 scrolls of remove curse {unknown}


   Skills:
 + Level 0.4 Fighting
 - Level 1.5 Dodging
 - Level 1.5 Stealth
 + Level 1.6 Spellcasting
 * Level 4.1 Summonings


You had 2 spell levels left.
You knew the following spells:

 Your Spells              Type           Power        Failure   Level
a - Summon Small Mammal   Summ           ##..         4%          1

Your spell library contained the following spells:

 Spells                   Type           Power        Failure   Level
 Call Imp                 Summ           ##......     6%          2
 Call Canine Familiar     Summ           ##......     13%         3
 Summon Guardian Golem    Hex/Summ       #.......     30%         3
 Summon Ice Beast         Ice/Summ       #.......     69%         4
 Summon Lightning Spire   Summ/Air       #.......     69%         4


Dungeon Overview and Level Annotations

Branches:
Dungeon (1/15)

Altars:


Message History

Your quokka barely misses the bat.
The jackal closely misses you.
A kobold comes into view.
The kobold shouts!
The bat barely misses your quokka. The jackal closely misses you.
Your quokka bites the bat.
The bat dies!
Your quokka bites the jackal.
A goblin comes into view. It is wielding a +0 dagger.
The jackal barely misses you.
Your quokka barely misses the jackal.
Your quokka misses the jackal.
The goblin moves out of view.
A goblin comes into view.
The jackal bites you.
* * * LOW HITPOINT WARNING * * *
The bat hits you but does no damage.
A rat comes into view.
The bat misses something.
The bat hits something but does no damage.
The bat hits your quokka but does no damage.
The jackal bites you.
You die...

..........#
#....g....r#
#..........#
#.....g....###
##...........
...........#
#.......K..####
........h@....#
#######r############
......b............♣
.8......r....8..8..♣
..............÷....♣
.........†.....÷...♣♣
.8.....).....8..8...♣
.......<............♣
.8...........8..8...♣


You could see a jackal, 2 goblins, a bat, a kobold, a rat and a friendly quokka
(summoned).

Vanquished Creatures (collateral kills)
  A leopard gecko (D:1)
  A giant cockroach (D:1)
  A goblin (D:1)
  A jackal (D:1)
  A bat (D:1)
5 creatures vanquished.

Notes
Turn   | Place    | Note
-------+----------+-------------------------------------------
     0 | D:1      | nicanaca0 the Hill Orc Summoner began the quest for the
                  | Orb.
     0 | D:1      | Reached XP level 1. HP: 14/14 MP: 3/3
   165 | D:1      | Slain by a jackal

Illustrated notes

Levels and vault maps discovered:
D:1:      giann_forest_graveyard, layout_rooms, minmay_misc_feat_tower,
          roderic_lattice_a

Action                   || total
-------------------------++-------
Melee: Unarmed           ||     8
 Cast: Summon Small Mamm ||     5
Armor: Robe              ||     9
Dodge: Dodged            ||    26

Table legend: (Time is in decaauts)
 A = Elapsed time spent in this place.
 B = Non-inter-level travel time spent in this place.
 C = Inter-level travel time spent in this place.
 D = Time resting spent in this place.
 E = Time spent auto-exploring this place.
 F = Levels seen in this place.
 G = Mean time per level.
                   A        B        C        D        E       F      G
               +--------+--------+--------+--------+--------+-----+--------+
         Total |    165 |    165 |      0 |     13 |    112 |   1 |  165.0 |
       Dungeon |    165 |    165 |      0 |     13 |    112 |   1 |  165.0 |
               +--------+--------+--------+--------+--------+-----+--------+

Top non-repeatable levels by time:
     D:1: 165 daAuts
